Map: Eternal Empire LE

Players

ShoWTimE - Winner!

  • Race: Protoss Protoss
  • League: Grandmaster
  • Spawn Location: 1:00

HellraiseR

  • Race: Protoss Protoss
  • League: Grandmaster
  • Spawn Location: 7:00

Event: DreamHack SC2 Masters 2020 Fall

VOD

Have the link to the VOD?

Description

Time

  • Played on: Aug. 29, 2020, 1:41 p.m.
  • Length: 21:04

All games in this series

Show
View Real Time Build Order
Export as new Build Order

ShoWTimE Protoss - Winner!

Build Orders: Oracle Opening, Zealot Archon 

Get SALT Encoding   

  12  0:00  Probe  
  13  0:12  Probe  
  14  0:17  Pylon  
  14  0:24  Probe (Chrono Boost)  
  15  0:36  Probe (Chrono Boost)  
  15  0:37  Gateway  
  16  0:44  Probe (Chrono Boost)  
  16  0:45  Assimilator  
  17  0:50  Probe  
  17  0:55  Assimilator  
  18  1:03  Probe (Chrono Boost)  
  19  1:12  Gateway  
  19  1:13  Probe (Chrono Boost)  
  19  1:17  Probe (Chrono Boost)  
  21  1:26  Cybernetics Core  
  21  1:29  Probe  
  22  1:36  Pylon  
  22  1:41  Probe  
  23  1:47  Pylon  
  23  1:54  Probe  
  24  2:02  Warp Gate, Stalker  
  26  2:08  Stalker  
  26  2:12  Probe  
  29  2:30  Pylon  
  29  2:37  Stargate  
  29  2:46  Pylon  
  28  2:59  Nexus  
  28  3:04  Probe  
  29  3:16  Probe  
  29  3:18  Oracle (Chrono Boost)  
  33  3:28  Twilight Council, Probe  
  34  3:34  Pylon  
  34  3:40  Probe (Chrono Boost)  
  35  3:50  Shield Battery, Sentry, Probe (Chrono Boost)  
  35  3:55  Probe (Chrono Boost)  
  38  4:01  Blink (Chrono Boost)  
  38  4:02  Phoenix  
  39  4:07  Probe (Chrono Boost)  
  39  4:12  Probe (Chrono Boost)  
  37  4:18  Stalker  
  37  4:19  Probe (Chrono Boost)  
  37  4:23  Probe (Chrono Boost)  
  41  4:26  Probe (Chrono Boost)  
  41  4:28  Probe (Chrono Boost)  
  40  4:33  Probe, Stalker  
  44  4:38  Probe  
  44  4:43  Stalker  
  44  4:45  Probe  
  47  4:50  Forge, Probe  
  48  4:57  Probe  
  49  5:02  Probe  
  49  5:04  Robotics Facility  
  49  5:05  Assimilator  
  50  5:08  Sentry  
  50  5:09  Probe  
  53  5:14  Probe, Pylon  
  53  5:19  Phoenix, Protoss Ground Weapons Level 1 (Chrono Boost)  
  54  5:21  Probe  
  54  5:26  Probe  
  56  5:29  Stalker  
  56  5:30  Pylon  
  56  5:33  Probe  
  59  5:39  Probe  
  59  5:40  Gateway  
  60  5:43  Gateway  
  60  5:46  Probe  
  60  5:49  Gateway  
  61  5:51  Probe  
  61  5:53  Observer  
  63  5:58  Probe, Charge  
  63  6:01  Phoenix  
  63  6:03  Probe  
  65  6:10  Probe, Stalker x2  
  70  6:15  Probe  
  70  6:16  Assimilator  
  71  6:22  Immortal  
  71  6:24  Probe  
  76  6:27  Probe  
  76  6:30  Pylon  
  77  6:33  Pylon  
  76  6:53  Probe x2  
  78  6:55  Nexus  
  78  7:00  Templar Archives  
  78  7:03  Gateway  
  78  7:05  Gateway  
  78  7:07  Immortal (Chrono Boost)  
  82  7:10  Probe x2  
  82  7:13  Protoss Ground Weapons Level 2 (Chrono Boost)  
  82  7:15  Gateway  
  84  7:19  Phoenix  
  84  7:24  Pylon  
  84  7:30  Shield Battery  
  84  7:32  Probe, Pylon  
  84  7:33  Probe  
  84  7:37  High Templar x2  
  90  7:40  Archon  
  90  7:42  Zealot  
  90  7:43  Zealot  
  94  7:46  Probe x2  
  96  7:55  Stalker  
  96  7:58  Shield Battery, Probe  
  99  8:02  High Templar x2  
  103  8:06  Archon  
  103  8:07  Zealot x2  
  107  8:14  Probe x3  
  107  8:16  Assimilator  
  107  8:19  Zealot x2  
  114  8:21  Assimilator  
  114  8:22  Pylon  
  114  8:26  Probe x2  
  114  8:27  Probe  
  117  8:35  Phoenix  
  117  8:38  Probe  
  118  8:42  Pylon  
  118  8:44  Nexus  
  118  8:51  Zealot x2, High Templar x2  
  118  8:54  Pylon  
  126  8:57  Archon, Pylon  
  126  8:58  Pylon  
  126  9:03  High Templar x2  
  126  9:04  Zealot x2  
  126  9:06  Probe x3  
  126  9:07  Archon  
  126  9:09  Pylon  
  137  9:11  Protoss Ground Weapons Level 3 (Chrono Boost)  
  137  9:13  Pylon  
  137  9:18  Phoenix  
  137  9:22  Zealot x2  
  141  9:26  Probe  
  141  9:27  Probe x2  
  141  9:29  Warp Prism (Chrono Boost)  
  146  9:40  Zealot x4  
  154  9:46  Probe x3  
  154  9:48  Zealot  
  159  9:53  Zealot x2  
  163  10:07  Zealot x5  
  163  10:11  Robotics Bay  
  169  10:14  High Templar x2  
  169  10:17  Robotics Facility  
  169  10:18  Archon  
  173  10:21  Photon Cannon  
  173  10:23  Assimilator  
  173  10:27  High Templar x3  
  173  10:28  Zealot x2, High Templar, Assimilator  
  181  10:32  Archon x2  
  185  10:36  Pylon  
  185  10:37  Photon Cannon  
  185  10:38  Photon Cannon  
  185  10:39  Observer  
  184  10:43  Photon Cannon  
  184  10:47  Zealot x2  
  188  10:56  Zealot x2  
  192  10:59  Zealot x3  
  192  11:00  Zealot  
  195  11:16  Dark Shrine  
  194  11:22  Pylon  
  194  11:25  Pylon  
  186  11:36  Nexus, Pylon  
  186  11:37  Disruptor (Chrono Boost)  
  186  11:38  Protoss Shields Level 1 (Chrono Boost)  
  186  11:40  Disruptor (Chrono Boost), Photon Cannon  
  186  11:43  Photon Cannon  
  186  11:44  Photon Cannon  
  186  11:46  Shield Battery  
  192  11:57  Photon Cannon  
  192  12:03  Disruptor (Chrono Boost)  
  192  12:05  Disruptor (Chrono Boost)  
  198  12:08  Nexus  
  198  12:09  Stargate  
  198  12:10  Pylon  
  196  12:29  Zealot x2  
  200  12:35  Zealot x2  
  188  12:45  Zealot x4  
  188  12:49  Shadow Stride (Chrono Boost)  
  196  12:53  Oracle  
  199  13:01  Probe x2  
  199  13:02  Probe  
  194  13:09  Pylon  
  194  13:19  Fleet Beacon  
  194  13:28  Zealot x3  
  194  13:32  Protoss Shields Level 2 (Chrono Boost)  
  198  13:46  Disruptor x2  
  190  13:50  Zealot x7  
  138  14:14  High Templar x5, Mothership (Chrono Boost)  
  138  14:15  Zealot, High Templar  
  138  14:16  Tempest (Chrono Boost)  
  156  14:21  Archon  
  156  14:22  Disruptor x2, Archon x2  
  156  14:23  Probe  
  156  14:24  Probe  
  174  14:25  Tempest (Chrono Boost), Probe  
  174  14:26  Unknown  
  174  14:29  Protoss Air Weapons Level 1 (Chrono Boost), Photon Cannon  
  174  14:30  Photon Cannon, Probe  
  176  14:32  Photon Cannon  
  176  14:33  Photon Cannon  
  176  14:35  Probe  
  177  14:38  Gateway  
  177  14:40  Gateway  
  177  14:42  Gateway  
  177  14:45  Gateway  
  177  14:53  Tempest (Chrono Boost)  
  177  14:55  Pylon  
  177  14:57  Shield Battery  
  177  14:58  Tempest (Chrono Boost)  
  177  14:59  High Templar  
  184  15:00  High Templar  
  184  15:02  Observer x2  
  184  15:04  Archon  
  193  15:07  Photon Cannon  
  193  15:21  Shield Battery  
  193  15:24  Shield Battery  
  193  15:26  Photon Cannon, Pylon  
  193  15:29  Tempest  
  193  15:31  Observer, Gravitic Boosters (Chrono Boost)  
  199  15:38  Protoss Shields Level 3 (Chrono Boost)  
  199  15:52  Nexus  
  199  15:53  Pylon  
  199  15:54  Shield Battery  
  197  16:28  Protoss Air Weapons Level 2 (Chrono Boost)  
  197  16:52  Stalker  
  184  17:25  Photon Cannon  
  184  17:26  Photon Cannon  
  184  17:27  Photon Cannon  
  184  17:29  Photon Cannon  
  182  17:31  Shield Battery, Photon Cannon  
  182  17:32  Shield Battery  
  182  17:33  Photon Cannon  
  182  17:34  Assimilator  
  182  17:35  Pylon  
  176  17:38  Assimilator  
  176  17:41  Mothership (Chrono Boost)  
  176  17:42  Dark Templar x3  
  176  17:43  Dark Templar x8  
  190  17:49  Oracle  
  197  17:52  Observer  
  198  18:00  Pylon  
  198  18:15  Zealot  
  183  18:30  Disruptor x2  
  177  18:37  Tempest (Chrono Boost)  
  177  18:38  High Templar x4  
  177  18:39  Zealot x5  
  177  18:40  Zealot  
  175  18:46  Archon  
  175  18:47  Tempest (Chrono Boost)  
  162  18:52  Stargate  
  162  18:55  Stargate  
  162  18:56  Archon  
  160  19:04  Dark Templar x6  
  160  19:06  Disruptor, Shield Battery  
  160  19:09  Zealot  
  177  19:13  Tempest  
  177  19:15  Dark Templar  
  177  19:16  Zealot x3  
  187  19:23  Tempest  
  192  19:42  Disruptor  
  192  19:44  Zealot x4  
  199  19:47  Zealot  
  199  19:52  Zealot x6  
  196  20:06  Tempest  
  195  20:07  Tempest  
  195  20:10  Nexus  
  198  20:16  Nexus  
  198  20:21  Zealot x2  
  186  20:39  Zealot x2  
  186  20:40  Zealot x5  
  192  20:45  Zealot x4  
  143  21:00  Stalker x7  
Show
View Real Time Build Order
Export as new Build Order

HellraiseR Protoss 

Build Orders: Oracle Opening, Zealot Archon, Proxy Void Ray 

Get SALT Encoding   

  12  0:01  Probe  
  13  0:13  Probe  
  14  0:17  Pylon  
  14  0:25  Probe (Chrono Boost)  
  15  0:37  Gateway, Probe (Chrono Boost)  
  16  0:44  Probe (Chrono Boost)  
  16  0:47  Assimilator  
  17  0:51  Probe  
  17  0:55  Assimilator  
  18  1:03  Probe (Chrono Boost)  
  19  1:13  Probe (Chrono Boost)  
  19  1:18  Probe (Chrono Boost)  
  20  1:24  Cybernetics Core  
  21  1:28  Pylon  
  21  1:30  Probe  
  22  1:42  Probe  
  24  1:54  Probe  
  24  2:02  Stargate, Stalker  
  24  2:05  Warp Gate  
  24  2:06  Probe  
  27  2:17  Pylon  
  27  2:18  Probe  
  27  2:21  Shield Battery  
  28  2:32  Probe  
  29  2:38  Void Ray (Chrono Boost)  
  29  2:42  Shield Battery  
  28  2:49  Probe  
  33  3:01  Probe  
  34  3:06  Shield Battery  
  34  3:11  Oracle (Chrono Boost)  
  34  3:18  Nexus  
  37  3:21  Probe  
  38  3:27  Pylon  
  38  3:33  Probe  
  39  3:39  Void Ray (Chrono Boost)  
  39  3:47  Probe  
  44  3:59  Probe  
  45  4:11  Probe  
  45  4:25  Probe (Chrono Boost)  
  45  4:30  Twilight Council  
  45  4:31  Probe (Chrono Boost)  
  45  4:37  Gateway x2  
  46  4:40  Probe x2 (Chrono Boost)  
  46  4:45  Probe (Chrono Boost)  
  47  4:46  Stalker  
  47  4:47  Probe  
  51  4:57  Probe  
  51  4:59  Probe  
  53  5:03  Blink (Chrono Boost)  
  53  5:09  Forge, Probe (Chrono Boost), Pylon  
  55  5:14  Probe (Chrono Boost)  
  55  5:16  Pylon  
  55  5:19  Stalker  
  58  5:21  Probe (Chrono Boost)  
  58  5:22  Assimilator  
  58  5:27  Probe (Chrono Boost)  
  58  5:28  Dark Shrine, Probe (Chrono Boost)  
  60  5:35  Probe  
  60  5:36  Stalker  
  60  5:37  Stalker  
  60  5:38  Protoss Ground Weapons Level 1 (Chrono Boost)  
  60  5:39  Probe  
  60  5:41  Assimilator  
  66  5:47  Pylon  
  66  5:48  Probe  
  67  5:52  Probe  
  68  6:00  Photon Cannon  
  68  6:04  Stalker  
  70  6:18  Gateway  
  70  6:20  Stalker x2  
  74  6:29  Nexus  
  74  6:36  Pylon  
  74  6:44  Dark Templar x3  
  80  6:48  Probe x2  
  79  7:05  Probe  
  80  7:13  Gateway  
  80  7:15  Gateway  
  78  7:17  Gateway  
  78  7:18  Stalker x3  
  78  7:21  Stalker  
  86  7:24  Probe x2  
  86  7:29  Charge  
  88  7:32  Archon  
  88  7:36  Probe  
  88  7:37  Probe  
  90  7:41  Stalker x2  
  90  7:43  Stalker  
  96  7:46  Probe  
  96  7:49  Probe x2  
  97  7:52  Protoss Ground Weapons Level 2 (Chrono Boost)  
  97  7:58  Probe (Chrono Boost)  
  97  8:00  Robotics Facility  
  97  8:03  Probe (Chrono Boost)  
  100  8:06  Probe (Chrono Boost)  
  100  8:09  Gateway  
  100  8:11  Gateway  
  102  8:16  Assimilator  
  102  8:18  Shield Battery  
  100  8:20  Assimilator  
  100  8:21  Sentry, Stalker  
  100  8:25  Photon Cannon  
  104  8:30  Stalker  
  106  8:34  Zealot  
  106  8:37  Pylon  
  108  8:45  Photon Cannon  
  108  8:47  Observer  
  109  8:53  Pylon  
  109  9:01  Gateway  
  109  9:02  Nexus  
  109  9:04  Pylon  
  109  9:09  Pylon  
  109  9:12  Pylon  
  109  9:14  Dark Templar x3  
  109  9:15  Dark Templar  
  117  9:22  Archon x2  
  117  9:25  Dark Templar x3  
  117  9:28  Dark Templar  
  117  9:30  Archon  
  125  9:32  Archon  
  125  9:37  Shield Battery  
  125  9:38  Probe x2  
  127  9:39  Immortal (Chrono Boost)  
  127  9:43  Probe  
  132  9:52  Probe  
  133  9:53  Probe  
  133  9:57  Protoss Ground Weapons Level 3 (Chrono Boost)  
  133  9:58  Zealot x3  
  138  10:09  Pylon  
  138  10:15  Immortal (Chrono Boost), Probe  
  138  10:16  Probe  
  138  10:20  Unknown  
  145  10:23  Dark Templar x2  
  146  10:30  Pylon  
  146  10:31  Probe  
  142  10:35  Probe  
  142  10:36  Probe  
  142  10:37  Dark Templar x4  
  142  10:40  Immortal  
  142  10:41  Probe  
  152  10:43  Probe  
  157  10:50  Probe  
  156  10:58  Probe  
  156  10:59  Probe  
  156  11:04  Probe  
  159  11:08  Zealot x2  
  163  11:12  Pylon  
  163  11:14  Pylon  
  163  11:16  Gateway  
  163  11:26  Probe  
  163  11:28  Pylon  
  163  11:30  Pylon  
  163  11:32  Pylon  
  164  11:33  Pylon  
  164  11:34  Fleet Beacon, Archon x2  
  164  11:35  Dark Templar x5, Archon  
  164  11:38  Unknown  
  164  11:39  Archon x2  
  174  11:40  Dark Templar  
  174  11:45  Archon  
  176  11:49  Shield Battery  
  176  11:51  Photon Cannon  
  176  11:53  Warp Prism (Chrono Boost)  
  176  12:01  Zealot x3  
  180  12:07  Zealot x5  
  194  12:15  Photon Cannon  
  194  12:16  Observer (Chrono Boost), Pylon  
  194  12:22  Zealot x2  
  191  12:39  Stargate  
  191  12:41  Stargate  
  179  12:45  Dark Templar x5  
  179  12:47  Mothership (Chrono Boost)  
  197  12:54  Phoenix (Chrono Boost)  
  196  12:59  Observer  
  196  13:02  Photon Cannon  
  196  13:11  Phoenix (Chrono Boost)  
  198  13:16  Nexus  
  198  13:19  Pylon  
  196  13:25  Phoenix x2 (Chrono Boost)  
  200  13:37  Phoenix (Chrono Boost)  
  200  13:40  Phoenix  
  197  13:43  Observer  
  167  13:49  Zealot x7  
  167  13:50  Zealot, Probe  
  147  13:57  Phoenix  
  147  13:58  Phoenix  
  147  14:02  Zealot x2  
  135  14:03  Probe  
  130  14:14  Immortal  
  131  14:20  Probe x3 (Chrono Boost)  
  131  14:21  Archon  
  131  14:22  Archon  
  133  14:27  Phoenix (Chrono Boost)  
  133  14:28  Phoenix (Chrono Boost)  
  133  14:30  Phoenix (Chrono Boost), Probe (Chrono Boost)  
  136  14:32  Probe (Chrono Boost)  
  136  14:35  Probe x2  
  141  14:39  Probe  
  141  14:44  Photon Cannon  
  144  14:56  Observer  
  144  14:57  Phoenix (Chrono Boost)  
  144  14:58  Phoenix (Chrono Boost)  
  149  15:00  Shadow Stride  
  149  15:01  Phoenix (Chrono Boost), Protoss Air Weapons Level 1  
  149  15:13  Photon Cannon  
  149  15:14  Phoenix  
  149  15:15  Phoenix  
  149  15:17  Immortal (Chrono Boost)  
  157  15:25  Probe  
  158  15:29  Dark Templar x3  
  158  15:30  Dark Templar  
  158  15:33  Archon  
  158  15:34  Archon  
  166  15:38  Carrier (Chrono Boost)  
  166  15:41  Pylon  
  172  15:53  Carrier (Chrono Boost)  
  184  16:00  Assimilator  
  184  16:01  Carrier (Chrono Boost)  
  184  16:05  Zealot, Assimilator  
  184  16:15  Photon Cannon  
  184  16:17  Shield Battery  
  182  16:21  Protoss Shields Level 1  
  182  16:22  Cybernetics Core  
  182  16:23  Zealot  
  184  16:27  Anion Pulse-Crystals (Chrono Boost)  
  188  16:34  Zealot  
  188  16:35  Zealot x4  
  198  16:45  Stalker x4  
  198  17:23  Dark Templar  
  200  17:30  Gateway  
  200  17:31  Gateway  
  200  17:34  Gateway  
  194  17:42  Zealot x5  
  196  17:52  Gateway  
  196  17:53  Photon Cannon  
  196  17:55  Pylon  
  196  17:56  Gateway  
  196  17:58  Shield Battery  
  193  18:12  Nexus  
  192  18:14  Pylon  
  192  18:19  Robotics Facility  
  169  18:27  Zealot x12  
  182  18:43  Dark Templar  
  179  18:51  Stalker x10  
  199  19:03  Photon Cannon  
  199  19:05  Shield Battery  
  199  19:07  Pylon  
  195  19:12  Observer (Chrono Boost)  
  196  19:17  Photon Cannon  
  196  19:19  Photon Cannon  
  196  19:21  Shield Battery  
  196  19:25  Stalker x2  
  200  19:35  Observer  
  187  19:44  Oracle  
  188  19:54  Zealot x2, Stalker x4  
  171  20:40  Observer  
  172  20:49  Stalker x5  
  126  20:50  Stalker x2  

Tags
 
Add a new tag
Caveats
  • Supply blocks, unpowered buildings, or Contaminate may cause inaccurate times.
  • Supply counts are checked every 10 seconds.